 Dungeon Crawl Stone Soup version 0.30-a0-721-ga6a225cb13 (webtiles) character file.

Game seed: 14900534047938653937

15254 Oxelix the Fighter (level 11, 0/111 HPs)
             Began as a Minotaur Berserker on Jan 27, 2023.
             Was a High Priest of Trog.
             Slain by a water nymph (5 damage)
             ... on level 2 of the Lair of Beasts.
             The game lasted 00:27:46 (11944 turns).

Oxelix the Fighter (Minotaur Berserker)            Turns: 11944, Time: 00:27:47

Health: 0/111      AC: 11    Str: 38    XL:     11   Next: 99%
Magic:  0/1        EV: 11    Int:  7    God:    Trog [*****.]
Gold:   518        SH:  0    Dex: 16    Spells: 10/10 levels left

rFire   . . .      SeeInvis .    r - +5 flail (venom)
rCold   . . .      Faith    .    (no shield)
rNeg    + + .      Spirit   +    M - +0 scale mail of the Devil {rN++ Regen+ MP-9}
rPois   .          Reflect  .    P - +0 hat {Stlth+}
rElec   .          Harm     .    J - scarf {repulsion}
rCorr   .          Rampage  .    d - +0 pair of gloves of the Trilobite {Str+6 Int+3 Stlth+}
Will    .....                    K - +0 pair of boots
Stlth   ++                       b - amulet of guardian spirit
HPRegen 1.18/turn                H - +6 ring of strength
MPRegen 0.07/turn                a - +6 ring of dexterity

@: studying Polearms, repel missiles
A: horns 2, retaliatory headbutt
a: Renounce Religion, Berserk, Trog's Hand, Brothers in Arms


You were on level 2 of the Lair of Beasts.
You worshipped Trog.
Trog was extremely pleased with you.
You visited 3 branches of the dungeon, and saw 13 of its levels.
You also visited: Ossuary.

You collected 1157 gold pieces.
You spent 639 gold pieces at shops.

Inventory:

Hand Weapons
 r - a +5 flail of venom (weapon)
 B - a +3 dire flail
 T - a +3 morningstar
Missiles
 p - 63 poisoned darts
 u - a throwing net
 v - an atropa-tipped dart (quivered)
 L - 2 curare-tipped darts
 Q - 2 boomerangs
Armour
 d - the +0 pair of gloves of the Trilobite (worn) {Str+6 Int+3 Stlth+}
   (You acquired it on level 5 of the Dungeon)

   Str:       It affects your strength (+6).
   Int:       It affects your intelligence (+3).
   Stlth:     It makes you more stealthy.
 I - +0 acid dragon scales
 J - a scarf of repulsion (worn)
 K - a +0 pair of boots (worn)
 M - the +0 scale mail of the Devil (worn) {rN++ Regen+ MP-9}
   (You took it off a gnoll on level 5 of the Dungeon)

   rN:        It greatly protects you from negative energy.
   MP:        It affects your magic capacity (-9).
   Regen:     It increases your rate of health regeneration.
 P - a +0 hat of stealth (worn)
 U - +0 fire dragon scales
Jewellery
 a - a +6 ring of dexterity (right hand)
 b - an amulet of guardian spirit (around neck)
 c - a ring of protection from fire
 y - a ring of resist corrosion
 F - a ring of fire
 H - a +6 ring of strength (left hand)
 W - a +5 ring of evasion
Wands
 n - a wand of roots (13)
 w - a wand of light (3)
 R - a wand of polymorph (6)
 Y - a wand of paralysis (6)
Scrolls
 e - 2 scrolls of amnesia
 g - a scroll of brand weapon
 i - 3 scrolls of enchant armour
 j - 2 scrolls of poison
 o - 6 scrolls of blinking
 q - 3 scrolls of summoning
 s - 4 scrolls of fog
 t - 2 scrolls of enchant weapon
 E - 3 scrolls of silence {unknown}
 N - 3 scrolls of fear
 O - 11 scrolls of teleportation
 V - 2 scrolls of magic mapping
 X - a scroll of immolation {unknown}
Potions
 f - 2 potions of resistance {unknown}
 h - 3 potions of mutation
 k - 4 potions of curing
 l - 6 potions of flight
 m - 3 potions of cancellation
 x - 2 potions of haste {unknown}
 z - 3 potions of heal wounds
 A - 2 potions of berserk rage
 C - a potion of brilliance {unknown}
 D - a potion of ambrosia {unknown}
 G - 3 potions of magic
 S - a potion of lignification {unknown}


   Skills:
 + Level 14.9 Fighting
 - Level 14.0 Maces & Flails
 - Level 5.1 Throwing
 * Level 10.3 Armour
 - Level 2.1 Dodging
 + Level 2.1 Evocations


You had 10 spell levels left.
You didn't know any spells.
Your spell library was empty.

Dungeon Overview and Level Annotations

Branches:
Dungeon (10/15)            Temple (1/1) D:5            Lair (2/5) D:8
    Orc (0/2) D:10        Ossuary (visited)
  Swamp: Lair:2-3    Shoals: Lair:2-3     Snake: Lair:2-3    Spider: Lair:2-3

Altars:
Ashenzari
Cheibriados
Dithmenos
Elyvilon
Fedhas
Gozag
Hepliaklqana
Kikubaaqudgha
Makhleb
Nemelex Xobeh
Okawaru
Qazlal
Ru
Sif Muna
Trog
Uskayaw
Vehumet
Wu Jian
Xom
Yredelemnul
Zin
The Shining One

Shops:
D:5 ?[   D:10 ?


Innate Abilities, Weirdness & Mutations

You have a pair of horns on your head.
You reflexively headbutt those who attack you in melee.


Message History

The water nymph casts a spell at you. The water swirls and strikes you!
Your unstable footing causes you to fumble your attack.
The water nymph barely misses you. You furiously retaliate!
You headbutt the water nymph! The water nymph touches you.
The water nymph drowns you!
You sock the water nymph! Your headbutt misses the water nymph.
The water nymph is severely wounded.
You thump the water nymph!
You kill the water nymph!
Trog accepts your kill.
Trog appreciates your killing of a magic user.
The water nymph touches you. The water nymph drowns you!
Your Evocations skill increases to level 2!
Your unstable footing causes you to fumble your attack.
The water nymph touches you. The water nymph drowns you!
You barely miss the water nymph.
The water nymph is lightly wounded.
Your unstable footing causes you to fumble your attack.
The water nymph points at you and mumbles some strange words.
The water swirls and strikes you!!
* * * LOW HITPOINT WARNING * * *
You hear a howl!
Your unstable footing causes you to fumble your attack.
You hear an angry hiss.
You hear a howl!
The water nymph touches you.
* * * LOW HITPOINT WARNING * * *
The water nymph drowns you!
* * * LOW HITPOINT WARNING * * *
A water moccasin comes into view.
The water moccasin hisses angrily.
You hit the water nymph.
The water nymph is poisoned.
You headbutt the water nymph.
The water nymph is lightly wounded.
The water nymph touches you. The water nymph drowns you!
* * * LOW HITPOINT WARNING * * *
You sock the water nymph!
The water nymph is heavily wounded.
The water nymph touches you.
You die...

#...>.###.#
##........#### ###
##............# ##.P#
#.)..........## ##.....
P.........?..# .......
.............####.......
..........<.............
...............~~..S....
.............~†m@#.....
.............~~### ~#.
.............~~~
.....)........##~
............... m~
##.........$#.# ~~
##..#.....#. ### #.P


You could see a water nymph (very poisoned) and a water moccasin.

Vanquished Creatures
  Gastronok (D:8)
  Erolcha (D:9)
  A two-headed ogre (D:10)
  A centaur warrior (D:9)
  Pikel (D:8)
  A water nymph (Lair:2)
  Joseph (D:9)
  A cane toad (Lair:1)
  Psyche (D:8)
  3 kobold demonologists
  A rime drake (Lair:1)
  A komodo dragon (Lair:1)
  A troll (D:8)
  Sigmund (D:2)
  13 yaks
  2 wyverns
  Eustachio (D:4)
  A steam dragon (D:7)
  3 acid dragons
  6 water moccasins
  A black bear (Lair:1)
  An orc warrior (D:8)
  3 ice beasts
  A sky beast (D:6)
  7 wolves
  5 centaurs
  7 bullfrogs
  8 kobold brigands
  2 necrophages
  2 gnoll sergeants
  A scorpion (D:4)
  16 wights
  20 killer bees
  3 howler monkeys
  2 jellies
  2 orc priests
  2 gnoll boudas
  2 hounds (D:7)
  3 iron imps (D:7)
  8 orc wizards
  An iguana (D:7)
  8 mummies (Ossuary)
  21 gnolls
  8 adders
  A white imp (D:7)
  2 ufetubi
  2 worms
  4 dart slugs
  26 orcs
  7 ball pythons
  5 endoplasms
  4 giant cockroaches
  9 goblins
  10 hobgoblins
  3 jackals (D:4)
  20 kobolds
  8 quokkas
  5 bats
  2 frilled lizards
  2 goblin zombies (D:4)
  3 hobgoblin zombies (Ossuary)
  4 kobold zombies (Ossuary)
  An orc zombie (Ossuary)
  7 rats
301 creatures vanquished.

Vanquished Creatures (others)
  4 fungi
  2 plants
6 creatures vanquished.

Grand Total: 307 creatures vanquished

Notes
Turn   | Place    | Note
-------+----------+-------------------------------------------
     0 | D:1      | Oxelix the Minotaur Berserker began the quest for the Orb.
     0 | D:1      | Reached XP level 1. HP: 19/19 MP: 0/0
   305 | D:1      | Reached XP level 2. HP: 21/27 MP: 1/1
   894 | D:1      | Reached XP level 3. HP: 33/33 MP: 2/2
  1413 | D:2      | Reached skill level 5 in Maces & Flails
  1515 | D:2      | Noticed Sigmund
  1523 | D:2      | Killed Sigmund
  1524 | D:2      | Reached skill level 5 in Fighting
  1524 | D:2      | Reached XP level 4. HP: 42/42 MP: 3/3
  1524 | D:2      | Reached XP level 5. HP: 48/48 MP: 4/4
  1855 | D:2      | Reached ** piety under Trog
  2649 | D:3      | Found a faded altar of an unknown god.
  3202 | D:3      | Found an ornate altar of the Wu Jian Council.
  3382 | D:4      | Found a sand-covered staircase.
  3417 | Ossuary  | Entered an ossuary
  3447 | Ossuary  | Reached XP level 6. HP: 56/56 MP: 5/5
  3583 | Ossuary  | Reached *** piety under Trog
  4210 | D:4      | Noticed Eustachio
  4221 | D:4      | Killed Eustachio
  4222 | D:4      | Reached XP level 7. HP: 64/64 MP: 4/6
  4612 | D:5      | Entered Level 5 of the Dungeon
  5064 | D:5      | Found Opac's Armour Emporium.
  5085 | D:5      | Found a bloodstained altar of Trog.
  5130 | D:5      | Found a staircase to the Ecumenical Temple.
  5189 | Temple   | Entered the Ecumenical Temple
  5433 | D:5      | Identified the +0 scale mail of the Devil {rN++ Regen+
                  | MP-9}
  5673 | D:5      | Found Coxekic's Magic Scroll Emporium.
  5681 | D:5      | Bought a scroll of identify for 20 gold pieces
  5681 | D:5      | Bought a scroll of identify for 20 gold pieces
  5681 | D:5      | Bought a scroll of teleportation for 30 gold pieces
  5681 | D:5      | Bought a scroll of teleportation for 30 gold pieces
  5681 | D:5      | Bought a scroll of noise for 10 gold pieces
  5682 | D:5      | Identified a scroll of acquirement
  5690 | D:5      | Bought a scroll of vulnerability for 40 gold pieces
  5690 | D:5      | Bought 3 scrolls of blinking for 225 gold pieces
  5700 | D:5      | Acquired the +0 pair of gloves of the Trilobite {Str+6
                  | Int+3 Stlth+}
  5833 | D:6      | Reached XP level 8. HP: 66/73 MP: 0/7
  6100 | D:6      | Reached skill level 10 in Maces & Flails
  6122 | D:6      | Reached **** piety under Trog
  6459 | D:7      | Found a glowing silver altar of Zin.
  6609 | D:7      | Found a glowing golden altar of the Shining One.
  6702 | D:7      | Noticed a kobold demonologist
  6711 | D:7      | Noticed a kobold demonologist
  6721 | D:7      | Noticed a rust devil
  6722 | D:7      | Noticed an orange demon
  6724 | D:7      | Killed a kobold demonologist
  6732 | D:7      | Killed a kobold demonologist
  6733 | D:7      | Reached XP level 9. HP: 74/83 MP: 0/8
  7092 | D:7      | Found a large runed translucent door.
  7092 | D:7      | Found a large runed translucent door.
  7169 | D:7      | Reached skill level 10 in Fighting
  7174 | D:7      | Found a basalt altar of Yredelemnul.
  7177 | D:7      | Found a broken altar of Ashenzari.
  7210 | D:7      | Found an opulent altar of Gozag.
  7407 | D:7      | Found a burning altar of Makhleb.
  7696 | D:8      | Noticed Gastronok
  7723 | D:8      | Killed Gastronok
  7724 | D:8      | Reached XP level 10. HP: 67/97 MP: 0/9
  7787 | D:8      | Found a staircase to the Lair.
  7794 | D:8      | Noticed Pikel
  7821 | D:8      | Killed Pikel
  7868 | D:8      | Reached ***** piety under Trog
  8130 | D:8      | Noticed Psyche
  8139 | D:8      | Killed Psyche
  8140 | D:8      | Reached skill level 1 in Throwing
  8727 | D:8      | Reached skill level 5 in Armour
  8888 | D:9      | Noticed Joseph
  8900 | D:9      | Killed Joseph
  8941 | D:9      | Found an iron altar of Okawaru.
  9189 | D:9      | Reached XP level 11. HP: 108/108 MP: 1/10
  9370 | D:9      | Noticed Erolcha
  9378 | D:9      | Killed Erolcha
  9378 | D:9      | Received a gift from Trog
  9469 | D:9      | Noticed a centaur warrior
  9473 | D:9      | Killed a centaur warrior
  9705 | D:10     | Entered Level 10 of the Dungeon
  9762 | D:10     | Found a shimmering blue altar of Sif Muna.
 10086 | D:10     | Found a sparkling altar of Nemelex Xobeh.
 10202 | D:10     | Noticed a two-headed ogre
 10209 | D:10     | Killed a two-headed ogre
 10365 | D:10     | Found a staircase to the Orcish Mines.
 10695 | D:10     | Found Zogu's Magic Scroll Shop.
 10703 | D:10     | Bought a scroll of fear for 64 gold pieces
 10703 | D:10     | Bought a scroll of magic mapping for 120 gold pieces
 10703 | D:10     | Bought a scroll of identify for 32 gold pieces
 10703 | D:10     | Bought a scroll of teleportation for 48 gold pieces
 10809 | Lair:1   | Entered Level 1 of the Lair of Beasts
 10909 | Lair:1   | Reached skill level 5 in Throwing
 11073 | Lair:1   | Identified the +7 rapier of Defence {freeze, Fly Str+4
                  | Stlth-}
 11206 | Lair:1   | Reached skill level 1 in Evocations
 11699 | Lair:2   | Reached skill level 10 in Armour
 11943 | Lair:2   | HP: 4/111 [drowned by a water nymph (12)]
 11944 | Lair:2   | Slain by a water nymph

Illustrated notes

Levels and vault maps discovered:
D:1:      dpeg_cavernosity, layout_basic, amcnicky_mini_corridor_feature
D:2:      layout_basic, uniq_sigmund
D:3:      layout_loops_ring, nicolae_wu_jian_immortal_techniques,
          ebering_ecumenical_altar_sacrificial, minmay_door_square,
          st_stairs_11, dk_noncrumbling_2, wander_ebering_terrifying_dragon_lair
D:4:      layout_basic, enter_ossuary_4, minmay_close_crescents, uniq_eustachio
D:5:      layout_cave_pools, trog_butcher_becter, minmay_temple_entry_crystal_x,
          serial_shops, nicolae_diamond_shop, shop_statue
D:6:      layout_rooms
D:7:      layout_basic, demons_altar, tso_altar, mainiacjoe_overflow_alcove_1,
          jmf_multi_god_temple2, mainiacjoe_overflow_tiny_flanked,
          grunt_ministairs_1, chequers_hall_statues_wall_a, dreamdust_gnoll_farm
D:8:      layout_loops_corners, lair_entry_dummy, serial_aquarium,
          aquarium_bridge_square [aquarium_subvault_bridge,
          aquarium_subvault_wall, aquarium_subvault_bridge,
          aquarium_subvault_bridge], aquarium_window_fake,
          aquarium_window_corner, aquarium_window_3, aquarium_view_2c,
          aquarium_balcony_5b, aquarium_pool_five,
          chequers_serial_rivers_micro_a, minmay_manual_monstrance,
          uniq_gastronok, uniq_pikel, uniq_psyche
D:9:      layout_roguey, mainiacjoe_overflow_cross_hatched, uniq_joseph,
          uniq_erolcha
D:10:     layout_loops_ring, nemelex_spade_bored_becter,
          lemuel_coloured_pillars_altar, orc_0_dummy, serial_shops,
          nicolae_square_shop
Temple:   minmay_temple_curvy_loop
Lair:1:   layout_loops_ring, grunt_megastairs_2
Lair:2:   layout_cave_pods, nicolae_shoals_entry_flooding, lemuel_fruit_fields

Skill      XL: |  1  2  3  4  5  6  7  8  9 10 11 |
---------------+----------------------------------+-----
Maces & Flails | 4 6 7 8 9 12 14 | 14.0
Fighting       | 4 5 6 7 9 11 13 14 | 14.9
Throwing       | 2 5 |  5.1
Armour         | 5 10 | 10.3
Evocations     | 2 |  2.1
Dodging        | |  2.1

Action                     |  1- 3 |  4- 6 |  7- 9 | 10-12 || total
---------------------------+-------+-------+-------+-------++-------
  Melee: Mace              |    60 |   159 |    83 |       ||   302
         Headbutt          |     7 |    35 |    32 |    52 ||   126
         Punch             |       |       |     6 |     2 ||     8
         Flail             |       |       |   142 |   263 ||   405
         Morningstar       |       |       |       |    19 ||    19
  Throw: Dart              |       |       |     7 |       ||     7
 Invoke: Berserk           |     1 |     2 |     2 |       ||     5
  Evoke: Wand              |       |       |     1 |       ||     1
    Use: Scroll            |       |     4 |    12 |     4 ||    20
   Stab: Sleeping          |       |       |       |     7 ||     7
 Armour: Animal skin       |     6 |       |       |       ||     6
         Leather armour    |    12 |     1 |       |       ||    13
         Scale mail        |       |    39 |    93 |    84 ||   216
         Ring mail         |       |     6 |       |       ||     6
  Dodge: Dodged            |    31 |    88 |   123 |   128 ||   370

Table legend: (Time is in decaauts)
 A = Elapsed time spent in this place.
 B = Non-inter-level travel time spent in this place.
 C = Inter-level travel time spent in this place.
 D = Time resting spent in this place.
 E = Time spent auto-exploring this place.
 F = Levels seen in this place.
 G = Mean time per level.
                   A        B        C        D        E       F      G
               +--------+--------+--------+--------+--------+-----+--------+
         Total |  11893 |  11354 |    539 |    903 |   8090 |  14 |  849.5 |
       Dungeon |  10228 |   9729 |    499 |    875 |   6806 |  10 | 1022.8 |
        Temple |    219 |    197 |     22 |      0 |    193 |   1 |  219.0 |
          Lair |   1112 |   1094 |     18 |      0 |    887 |   2 |  556.0 |
       Ossuary |    332 |    332 |      0 |     28 |    204 |   1 |  332.0 |
               +--------+--------+--------+--------+--------+-----+--------+

Top non-repeatable levels by time:
     D:7: 1311 daAuts
     D:8: 1309 daAuts
     D:4: 1206 daAuts
     D:1: 1151 daAuts
     D:3: 1113 daAuts
     D:2: 1081 daAuts
    D:10: 1014 daAuts
     D:9: 867 daAuts
  Lair:1: 747 daAuts
     D:5: 740 daAuts
     D:6: 432 daAuts
  Lair:2: 365 daAuts
 Ossuary: 332 daAuts
  Temple: 219 daAuts
